 Dungeon Crawl Stone Soup version 0.31-a0-237-g2d982f9f85 (webtiles) character file.

Game seed: 1183380343491160052

147 olmar the Cudgeller (level 5, -2/36 (43) HPs)
             Began as a Gnoll Reaver on July 12, 2023.
             Slain by a gnoll
             ... wielding a +0 flail
              (4 damage)
             ... on level 3 of the Dungeon.
             The game lasted 00:04:52 (2537 turns).

olmar the Cudgeller (Gnoll Reaver)                  Turns: 2537, Time: 00:04:53

HP:   -2/36 (43)    AC:  5    Str: 13    XL:     5   Next: 29%
MP:   9/12          EV: 13    Int: 12    God:
Gold: 81            SH:  0    Dex: 11    Spells: 5/14 levels left

rFire   + . .        a - +0 mace
rCold   + + .        (no shield)
rNeg    . . .        m - +2 robe {rC+ rF+}
rPois   .            (no helmet)
rElec   .            (no cloak)
rCorr   .            (no gloves)
SInv    .            p - +0 pair of boots
Will    .....        (no amulet)
Stlth   +            g - ring of ice
HPRegen 0.26/turn    j - ring of protection from fire
MPRegen 0.13/turn

%: no passive effects
@: confused, ambrosia-drunk, very slightly contaminated, heavily drained
A: fangs 1, strong nose, distributed training
a: no special abilities


You were on level 3 of the Dungeon.
You visited 1 branch of the dungeon, and saw 3 of its levels.

You collected 81 gold pieces.

Inventory:

Hand Weapons
 a - a +0 mace (weapon)
Missiles
 n - 5 boomerangs (quivered)
Armour
 b - a +0 leather armour
 m - a +2 robe of resistance (worn)
 p - a +0 pair of boots (worn)
Jewellery
 g - a ring of ice (left hand)
 j - a ring of protection from fire (right hand)
 k - a ring of flight
 l - an amulet of faith
Scrolls
 f - a scroll of vulnerability
 h - a scroll of noise {unknown}
 o - a scroll of revelation {unknown}
Potions
 c - a potion of haste {unknown}
 e - a potion of mutation {unknown}
 i - a potion of ambrosia


   Skills:
 + Level 4.8 Fighting
 + Level 1.5 Short Blades
 + Level 1.5 Long Blades
 + Level 1.5 Axes
 + Level 6.7 Maces & Flails
 + Level 1.5 Polearms
 + Level 1.5 Staves
 + Level 1.5 Ranged Weapons
 + Level 1.5 Throwing
 + Level 1.5 Armour
 + Level 4.8 Dodging
 + Level 1.5 Stealth
 + Level 1.5 Shields
 + Level 1.5 Unarmed Combat
 + Level 5.2 Spellcasting
 + Level 5.5 Conjurations
 + Level 1.2 Hexes
 + Level 1.2 Summonings
 + Level 1.2 Necromancy
 + Level 1.2 Translocations
 + Level 1.2 Transmutations
 + Level 1.2 Fire Magic
 + Level 1.2 Ice Magic
 + Level 1.2 Air Magic
 + Level 1.2 Earth Magic
 + Level 1.2 Poison Magic
 + Level 1.7 Invocations
 + Level 1.5 Evocations


You had 5 spell levels left.
You knew the following spells:

 Your Spells              Type           Power      Damage    Failure   Level
a - Kiss of Death         Conj/Necr      44%        2d8       4%          1
b - Hailstorm             Conj/Ice       16%        3d6       14%         3
c - Momentum Strike       Conj/Tloc      22%        3d8       8%          2
d - Portal Projectile     Hex/Tloc       12%        N/A       34%         3

Your spell library contained the following spells:

 Spells                   Type           Power      Damage    Failure   Level
 Dazzling Flash           Conj/Hex       22%        N/A       14%         3
 Leda's Liquefaction      Hex/Erth       3%         N/A       75%         4


Dungeon Overview and Level Annotations

Branches:
Dungeon (3/15)

Altars:
Ashenzari


Innate Abilities, Weirdness & Mutations

You have very sharp teeth.
Your uncanny sense of smell can sniff out nearby items.
Your experience applies equally to all skills.


Message History

Unknown command.
Unknown command.
Unknown command.
Casting: Hailstorm (quite dangerous; 14% risk of failure)
Confirm with . or Enter, or press ? or * to list all spells.
Okay, then.
You feel much better.
The gnoll hits you from afar with a +0 halberd.
The gnoll hits you but does no damage.
Okay, then.
You aren't carrying any items that you can evoke.
Unknown command.
Casting: Hailstorm (quite dangerous; 14% risk of failure)
Confirm with . or Enter, or press ? or * to list all spells.
Okay, then.
Casting: Hailstorm (quite dangerous; 14% risk of failure)
Confirm with . or Enter, or press ? or * to list all spells.
Okay, then.
The gnoll attacks as you move away! The gnoll misses you.
The gnoll closely misses you.
The gnoll hits you from afar with a +0 halberd!
There is an open door here.
You hit the gnoll. You bite the gnoll, but do no damage.
The gnoll is moderately wounded.
The gnoll misses you. The gnoll hits you with a +0 flail.
You hit the gnoll but do no damage.
The gnoll is moderately wounded.
The gnoll hits you from afar with a +0 halberd!
The gnoll hits you with a +0 flail!
* * * LOW HITPOINT WARNING * * *
Unknown command.
It was a potion of ambrosia.
You are confused.
You feel invigorated.
The gnoll hits you from afar with a +0 halberd!
* * * LOW HITPOINT WARNING * * *
The gnoll misses you.
Unknown command.
The gnoll attacks as you move away! The gnoll hits you with a +0 flail.
You die...

....รท)'........
....)##)...#.... .#...
......#.......?.#.#..##.
......#.................
......#.................
...)..#.................
......#.................
......#.................
......#..(....##@# #.
......#.......##g##....
.##...##.....)..gg......
.............(..........
........................
....................#...
....##..............# ..
.....##.......#..##.# .
....................#


You could see 3 gnolls.

Vanquished Creatures
  Jessica (D:2)
  Terence (D:2)
  An orc wizard (D:3)
  A gnoll (D:3)
  2 adders
  A dart slug (D:2)
  4 orcs (D:3)
  3 ball pythons
  4 endoplasms
  A giant cockroach (D:3)
  2 goblins
  3 hobgoblins
  4 jackals (D:3)
  2 bats (D:1)
  4 frilled lizards
  5 kobolds
  2 rats
41 creatures vanquished.

Notes
Turn   | Place    | Note
-------+----------+-------------------------------------------
     0 | D:1      | olmar the Gnoll Reaver began the quest for the Orb.
     0 | D:1      | Reached XP level 1. HP: 20/20 MP: 6/6
   284 | D:1      | Reached XP level 2. HP: 19/26 MP: 7/7
   984 | D:2      | Noticed Terence
  1176 | D:2      | Reached skill level 5 in Spellcasting
  1176 | D:2      | Reached XP level 3. HP: 26/31 MP: 7/9
  1181 | D:2      | Learned a level 3 spell: Hailstorm
  1230 | D:2      | Noticed Jessica
  1234 | D:2      | Killed Jessica
  1235 | D:2      | Reached skill level 1 in Short Blades
  1235 | D:2      | Reached skill level 1 in Long Blades
  1235 | D:2      | Reached skill level 1 in Axes
  1235 | D:2      | Reached skill level 1 in Polearms
  1235 | D:2      | Reached skill level 1 in Staves
  1235 | D:2      | Reached skill level 1 in Ranged Weapons
  1235 | D:2      | Reached skill level 1 in Throwing
  1235 | D:2      | Reached skill level 1 in Armour
  1235 | D:2      | Reached skill level 1 in Stealth
  1235 | D:2      | Reached skill level 1 in Shields
  1235 | D:2      | Reached skill level 1 in Unarmed Combat
  1235 | D:2      | Reached skill level 1 in Invocations
  1235 | D:2      | Reached skill level 1 in Evocations
  1434 | D:2      | Reached XP level 4. HP: 36/38 MP: 11/11
  1459 | D:2      | Got the Exposition on Interference
  1529 | D:2      | Killed Terence
  1530 | D:2      | Reached skill level 1 in Hexes
  1530 | D:2      | Reached skill level 1 in Summonings
  1530 | D:2      | Reached skill level 1 in Necromancy
  1530 | D:2      | Reached skill level 1 in Translocations
  1530 | D:2      | Reached skill level 1 in Transmutations
  1530 | D:2      | Reached skill level 1 in Fire Magic
  1530 | D:2      | Reached skill level 1 in Ice Magic
  1530 | D:2      | Reached skill level 1 in Air Magic
  1530 | D:2      | Reached skill level 1 in Earth Magic
  1530 | D:2      | Reached skill level 1 in Poison Magic
  1601 | D:2      | Found a broken altar of Ashenzari.
  1854 | D:3      | HP: 1/31 [orc/+0 short sword (5)]
  1872 | D:3      | Reached XP level 5. HP: 5/34 MP: 4/12
  2197 | D:2      | Learned a level 2 spell: Momentum Strike
  2318 | D:3      | Learned a level 3 spell: Portal Projectile
  2537 | D:3      | Slain by a gnoll

Illustrated notes

Levels and vault maps discovered:
D:1:      dpeg_chamrin_arrival_tetris, layout_basic, serial_glass,
          glass_columns_c, glass_columns_c
D:2:      layout_basic, basic_altar, uniq_jessica, uniq_terence
D:3:      layout_basic, shapermc_ecumenical_altar_starsandcircs

Skill      XL: |  1  2  3  4 |
---------------+-------------+-----
Spellcasting   | 5 |  5.2
Short Blades   | 1 |  1.5
Long Blades    | 1 |  1.5
Axes           | 1 |  1.5
Polearms       | 1 |  1.5
Staves         | 1 |  1.5
Ranged Weapons | 1 |  1.5
Throwing       | 1 |  1.5
Armour         | 1 |  1.5
Stealth        | 1 |  1.5
Shields        | 1 |  1.5
Unarmed Combat | 1 |  1.5
Invocations    | 1 |  1.7
Evocations     | 1 |  1.5
Hexes          | 1 |  1.2
Summonings     | 1 |  1.2
Necromancy     | 1 |  1.2
Translocations | 1 |  1.2
Transmutations | 1 |  1.2
Fire Magic     | 1 |  1.2
Ice Magic      | 1 |  1.2
Air Magic      | 1 |  1.2
Earth Magic    | 1 |  1.2
Poison Magic   | 1 |  1.2
Fighting       | |  4.8
Maces & Flails | |  6.7
Dodging        | |  4.8
Conjurations   | |  5.5

Action                     |  1- 3 |  4- 6 || total
---------------------------+-------+-------++-------
  Melee: Mace              |    72 |    77 ||   149
         Bite              |     3 |    12 ||    15
         Punch             |       |     3 ||     3
  Throw: Boomerang         |       |     8 ||     8
         Stone             |       |     1 ||     1
   Cast: Kiss of Death     |       |     3 ||     3
         Hailstorm         |       |     2 ||     2
    Use: Potion            |       |     4 ||     4
         Scroll            |       |     1 ||     1
 Armour: Leather armour    |    17 |    17 ||    34
         Robe              |       |     7 ||     7
  Dodge: Dodged            |    44 |    90 ||   134

Table legend: (Time is in decaauts)
 A = Elapsed time spent in this place.
 B = Non-inter-level travel time spent in this place.
 C = Inter-level travel time spent in this place.
 D = Time resting spent in this place.
 E = Time spent auto-exploring this place.
 F = Levels seen in this place.
 G = Mean time per level.
                   A        B        C        D        E       F      G
               +--------+--------+--------+--------+--------+-----+--------+
         Total |   2551 |   2420 |    131 |    312 |   1570 |   3 |  850.3 |
       Dungeon |   2551 |   2420 |    131 |    312 |   1570 |   3 |  850.3 |
               +--------+--------+--------+--------+--------+-----+--------+

Top non-repeatable levels by time:
     D:1: 1054 daAuts
     D:2: 840 daAuts
     D:3: 656 daAuts
